 Dungeon Crawl Stone Soup version 0.28-a0-1312-g71652a0310 (webtiles) character file.

Game seed: 5221615044752853921

12761 frimble the Martial Artist (level 11, -5/127 HPs)
             Began as a Demonspawn Warper on Dec 28, 2021.
             Was an Elder of Cheibriados.
             Slain by a death yak (12 damage)
             ... in an ice cave.
             The game lasted 00:18:16 (13677 turns).

frimble the Martial Artist (Demonspawn Warper)     Turns: 13677, Time: 00:18:16

Health: -5/127     AC: 13    Str: 21    XL:     11   Next: 66%
Magic:  8/14       EV: 14    Int: 30    God:    Cheibriados [****..]
Gold:   627        SH:  0    Dex: 22    Spells: 9/14 levels left

rFire   + . .      SeeInvis .     - Unarmed
rCold   + . .      Faith    .   (no shield)
rNeg    . . .      Spirit   .   r - +2 robe {rF+}
rPois   .          Reflect  .   t - +1 hat
rElec   .          Harm     .   D - +0 cloak
rCorr   .          Rampage  .   (no gloves)
Will    .....                   (no boots)
Stlth   ..........              (no amulet)
HPRegen 0.31/turn               h - +4 ring of protection
MPRegen 0.14/turn               J - ring of protection from cold

@: berserking (expiring), studying 2 skills, very slow
A: claws 2, thin metallic scales 2, powered by death 1, spiny 1
a: Renounce Religion, Bend Time, Temporal Distortion, Slouch


You were in an ice cave.
You worshipped Cheibriados.
Cheibriados was greatly pleased with you.
You visited 2 branches of the dungeon, and saw 13 of its levels.
You also visited: Ice Cave.

You collected 627 gold pieces.

Inventory:

Hand Weapons
 a - a +0 falchion
Missiles
 E - 3 boomerangs (quivered)
 M - a throwing net
Armour
 f - a +1 kite shield
 r - a +2 robe of fire resistance (worn)
 t - a +1 hat (worn)
 D - a +0 cloak (worn)
Jewellery
 b - a ring of magical power
 h - a +4 ring of protection (left claw)
 j - a +6 ring of intelligence
 q - an amulet of guardian spirit
 s - a ring of resist corrosion
 z - a ring of protection from fire
 A - an amulet of the acrobat
 H - a ring of see invisible
 J - a ring of protection from cold (right claw)
Wands
 p - a wand of flame (14)
 y - a wand of mindburst (2)
 B - a wand of iceblast (10)
Scrolls
 c - 3 scrolls of blinking
 e - a scroll of enchant armour
 k - 3 scrolls of immolation
 l - 2 scrolls of brand weapon
 m - 3 scrolls of vulnerability
 o - 4 scrolls of teleportation
 u - a scroll of magic mapping
 v - a scroll of silence
 x - a scroll of amnesia
 C - a scroll of identify
Potions
 d - a potion of degeneration {unknown}
 g - 2 potions of magic
 i - a potion of ambrosia
 w - 4 potions of heal wounds
 I - a potion of cancellation
 K - 4 potions of curing
Miscellaneous
 L - a lightning rod (inert)


   Skills:
 + Level 7.6 Fighting
 - Level 2.1 Long Blades
 - Level 0.8 Throwing
 - Level 0.8 Armour
 - Level 3.3 Dodging
 - Level 6.0 Stealth
 + Level 6.6 Shields
 + Level 9.2 Unarmed Combat
 - Level 2.0 Spellcasting
 - Level 7.0 Translocations
 - Level 4.0 Invocations
 + Level 7.5 Evocations


You had 9 spell levels left.
You knew the following spells:

 Your Spells              Type           Power      Damage    Failure   Level
a - Blink                 Tloc           90%        N/A       1%          2
b - Apportation           Tloc           90%        N/A       1%          1
c - Passwall              Tmut/Erth      2%         N/A       12%         2

Your spell library contained the following spells:

 Spells                   Type           Power      Damage    Failure   Level
 Gell's Gravitas          Tloc           45%        N/A       1%          3
 Lesser Beckoning         Tloc           45%        N/A       1%          3
 Teleport Other           Tloc           45%        N/A       1%          3
 Animate Skeleton         Necr           6%         N/A       8%          1
 Beastly Appendage        Tmut           6%         N/A       8%          1
 Sandblast                Erth           6%         2d5       8%          1
 Sting                    Tmut/Pois      12%        1d3       8%          1
 Summon Small Mammal      Summ           12%        N/A       8%          1
 Corpse Rot               Necr/Air       6%         N/A       12%         2
 Poisonous Vapours        Pois/Air       6%         N/A       12%         2
 Static Discharge         Conj/Air       3%         N/A       12%         2
 Wereblood                Tmut           3%         N/A       12%         2
 Manifold Assault         Tloc           45%        N/A       12%         5
 Confusing Touch          Hex            3%         N/A       24%         3
 Conjure Flame            Conj/Fire      3%         6-21      24%         3
 Ignite Poison            Fire/Tmut/Pois 3%         N/A       24%         3
 Spider Form              Tmut/Pois      3%         N/A       24%         3
 Stone Arrow              Conj/Erth      6%         3d7       24%         3
 Animate Armour           Summ/Erth      6%         N/A       61%         4
 Olgreb's Toxic Radiance  Pois           3%         N/A       61%         4
 Sticky Flame             Conj/Fire      3%         2d3       61%         4
 Summon Lightning Spire   Summ/Air       3%         N/A       61%         4
 Blade Hands              Tmut           1%         N/A       91%         5
 Lightning Bolt           Conj/Air       1%         1d12      91%         5
 Yara's Violent Unravell  Hex/Tmut       1%         3d3       91%         5
 Iron Shot                Conj/Erth      1%         9d1       100%        6
 Summon Cactus Giant      Summ           1%         N/A       100%        6
 Enfeeble                 Hex            1%         N/A       100%        7
 Maxwell's Capacitive Co  Air            1%         ∞         100%        8


Dungeon Overview and Level Annotations

Branches:
Dungeon (12/15)            Temple (0/1) D:7            Lair (1/6) D:8
    Orc (0/2) D:11          IceCv (1/1)

Altars:
Ashenzari
Cheibriados
Dithmenos
Elyvilon
Fedhas
Hepliaklqana
Nemelex Xobeh
Sif Muna
Trog
Uskayaw
Vehumet
Zin
The Shining One

Shops:
D:6 :   D:7 (   D:12 :

Annotations:
D:5 1 exclusion
D:9 1 exclusion IceCv exclusion: ice statue


Innate Abilities, Weirdness & Mutations

You have very sharp fingernails.
You are mostly covered in thin metallic scales. (AC +3)
You regenerate a little health from kills.
You are partially covered in sharp spines.


Message History

The death yak gores you.
You scratch the death yak but do no damage.
You claw the death yak.
The death yak is moderately wounded.
The death yak misses you. The death yak gores you!
You claw the death yak!
The death yak is moderately wounded.
The death yak gores you but does no damage.
The death yak barely misses you.
You scratch the death yak but do no damage.
The death yak is moderately wounded.
The death yak is struck by your spines. The death yak barely misses you.
The death yak gores you.
You barely miss the death yak.
The death yak is moderately wounded.
The death yak is struck by your spines.
The death yak gores you but does no damage.
You claw the death yak!
The death yak is heavily wounded.
The death yak closely misses you. The death yak gores you!!
* * * LOW HITPOINT WARNING * * *
You barely miss the death yak.
The death yak is heavily wounded.
The death yak misses you.
The polar bear is struck by your spines.
The polar bear closely misses you. The polar bear barely misses you.
The polar bear closely misses you.
You mangle the polar bear!!
The polar bear is heavily wounded.
The death yak is struck by your spines. The death yak closely misses you.
The death yak gores you!
* * * LOW HITPOINT WARNING * * *
You scratch the polar bear but do no damage.
The polar bear is heavily wounded.
The polar bear closely misses you. x2
The polar bear claws you but does no damage.
The death yak gores you!
* * * LOW HITPOINT WARNING * * *
The death yak gores you!
You die...

****,,,,**
***,,,,,,**
#*,,,*,****
##.,***** ###..**
##8...### *
#.......### *
**#.......### *****
*#.....YY@##
,,,.#######....Yh.#
*,,.....###.......#
***........#.....##
*#............##
*#..........##
##.#....#.##
**##..#### ##..#


You could see 2 death yaks, a polar bear and an ice beast (summoned).

Vanquished Creatures
  A boulder beetle (D:12)
  4 two-headed ogres
  Nergalle (D:11)
  Pikel (D:8)
  Maurice (D:9)
  3 komodo dragons
  A troll (D:11)
  2 polar bears (IceCv)
  A tarantella (shapeshifter) (D:9)
  2 slime creatures (D:12)
  2 hornets
  A water elemental (D:11)
  2 shadows
  2 wraiths
  Eustachio (D:4)
  2 wyverns
  3 yaks (IceCv)
  A vampire (D:9)
  A basilisk (D:9)
  3 orc warriors
  An ice beast (D:4)
  A black bear (D:5)
  2 sky beasts
  2 ogres
  A wolf (IceCv)
  5 centaurs
  2 phantoms
  3 lemures (D:8)
  4 kobold brigands
  Blork the orc (D:6)
  A gnoll sergeant (D:11)
  4 bullfrogs
  A scorpion (D:7)
  5 howler monkeys
  4 electric eels
  2 bullfrog zombies
  4 centaur zombies
  6 hounds
  11 orc priests
  A gnoll shaman (D:4)
  4 jellies
  A bullfrog skeleton (D:3)
  An iguana (D:4)
  13 orc wizards
  A scorpion zombie (D:5)
  11 gnolls
  A howler monkey skeleton (D:4)
  An adder (D:3)
  A shadow imp (D:7)
  A white imp (D:7)
  An ufetubus (D:5)
  An adder skeleton (D:4)
  2 worms
  3 dart slugs
  19 orcs
  7 endoplasms
  2 giant cockroaches (D:2)
  3 goblins
  4 hobgoblins
  4 jackals
  30 kobolds
  4 quokkas
  3 ball pythons
  4 bats
  2 frilled lizards (D:1)
  4 rats
224 creatures vanquished.

Vanquished Creatures (others)
  A fungus (Lair:1)
  7 plants
8 creatures vanquished.

Grand Total: 232 creatures vanquished

Notes
Turn   | Place    | Note
-------+----------+-------------------------------------------
     0 | D:1      | frimble the Demonspawn Warper began the quest for the Orb.
     0 | D:1      | Reached XP level 1. HP: 16/16 MP: 3/3
   380 | D:1      | Found a faded altar of an unknown god.
   394 | D:1      | Gained mutation: You have sharp fingernails. [demonic
                  | ancestry]
   394 | D:1      | Reached XP level 2. HP: 21/22 MP: 5/5
  1287 | D:3      | Found a bloodstained altar of Trog.
  1297 | D:3      | Reached skill level 1 in Unarmed Combat
  1297 | D:3      | Gained mutation: You are partially covered in sharp spines.
                  | [demonic ancestry]
  1297 | D:3      | Reached XP level 3. HP: 20/27 MP: 6/6
  1405 | D:2      | Reached skill level 2 in Unarmed Combat
  1968 | D:3      | Reached XP level 4. HP: 30/33 MP: 7/7
  1970 | D:3      | Reached skill level 3 in Unarmed Combat
  2673 | D:3      | Gained mutation: You have very sharp fingernails. [demonic
                  | ancestry]
  2673 | D:3      | Reached XP level 5. HP: 38/38 MP: 8/8
  3403 | D:2      | Reached skill level 4 in Unarmed Combat
  3488 | D:2      | Learned a level 2 spell: Blink
  3649 | D:4      | Gained mutation: You are partially covered in thin metallic
                  | scales. (AC +2) [demonic ancestry]
  3649 | D:4      | Reached XP level 6. HP: 25/44 MP: 9/9
  3920 | D:4      | Noticed Eustachio
  3951 | D:4      | Killed Eustachio
  3952 | D:4      | Reached skill level 5 in Unarmed Combat
  4149 | D:4      | Reached skill level 6 in Unarmed Combat
  4149 | D:4      | Gained mutation: You regenerate a little health from kills.
                  | [demonic ancestry]
  4149 | D:4      | Reached XP level 7. HP: 50/50 MP: 10/10
  4239 | D:4      | Found a snail-covered altar of Cheibriados.
  4371 | D:4      | Found a sparkling altar of Nemelex Xobeh.
  4465 | D:4      | Reached skill level 1 in Stealth
  4465 | D:4      | Reached skill level 1 in Shields
  4848 | D:4      | Became a worshipper of Cheibriados the Contemplative
  4877 | D:5      | Entered Level 5 of the Dungeon
  4975 | D:5      | Reached skill level 1 in Invocations
  5094 | D:5      | Reached XP level 8. HP: 18/58 MP: 11/11
  5514 | D:5      | Learned a level 1 spell: Apportation
  5561 | D:5      | Reached * piety under Cheibriados
  6111 | D:6      | Noticed Blork the orc
  6118 | D:5      | Noticed a rust devil
  6118 | D:5      | Noticed a rust devil
  6139 | D:6      | Killed Blork the orc
  6706 | D:6      | Found Bofiwk's Self-Improvement Boutique.
  6833 | D:6      | Found a hazy altar of Hepliaklqana.
  6987 | D:7      | Reached ** piety under Cheibriados
  7068 | D:7      | Found a blossoming altar of Fedhas.
  7255 | D:7      | Found a staircase to the Ecumenical Temple.
  7272 | D:7      | Found Rauf's Weapon Boutique.
  7281 | D:7      | Reached skill level 7 in Unarmed Combat
  7281 | D:7      | Reached XP level 9. HP: 63/65 MP: 12/12
  7644 | D:7      | Reached skill level 1 in Evocations
  8039 | D:8      | Found a radiant altar of Vehumet.
  8133 | D:8      | Found a staircase to the Lair.
  8263 | D:8      | Noticed Pikel
  8275 | D:8      | Killed Pikel
  8275 | D:8      | Reached *** piety under Cheibriados
  8276 | D:8      | Reached skill level 5 in Fighting
  8276 | D:8      | Reached skill level 5 in Translocations
  8317 | D:8      | Found a shadowy altar of Dithmenos.
  8621 | D:8      | Found a broken altar of Ashenzari.
  8659 | D:8      | Learned a level 2 spell: Passwall
  8699 | D:9      | Noticed Maurice
  8740 | D:9      | Killed Maurice
  8888 | D:9      | Gained mutation: You are mostly covered in thin metallic
                  | scales. (AC +3) [demonic ancestry]
  8888 | D:9      | Reached XP level 10. HP: 74/74 MP: 8/13
  9501 | D:9      | Reached skill level 5 in Stealth
  9580 | D:9      | Found a shimmering blue altar of Sif Muna.
  9803 | D:9      | Noticed a two-headed ogre
  9807 | D:9      | Killed a two-headed ogre
  9808 | D:9      | Reached skill level 8 in Unarmed Combat
  9838 | D:9      | Found a runed translucent door.
 10213 | D:10     | Entered Level 10 of the Dungeon
 10335 | D:10     | Got the Compendium of the Twisted Entourage
 10383 | D:10     | Reached skill level 5 in Shields
 10894 | D:10     | Reached **** piety under Cheibriados
 10979 | D:10     | Found a hide-covered altar of Uskayaw.
 11249 | D:10     | Identified a scroll of acquirement
 11249 | D:10     | Acquired a manual of Evocations
 11622 | Lair:1   | Entered Level 1 of the Lair of Beasts
 11879 | Lair:1   | Noticed a cane toad
 11973 | D:11     | Noticed a two-headed ogre
 11976 | D:11     | Killed a two-headed ogre
 11977 | D:11     | Reached skill level 5 in Evocations
 12088 | D:11     | Reached XP level 11. HP: 76/83 MP: 14/14
 12117 | D:11     | Found a staircase to the Orcish Mines.
 12199 | D:11     | Noticed Nergalle
 12227 | D:11     | Killed Nergalle
 12923 | D:11     | Noticed a boulder beetle
 13326 | D:12     | Found Efezi's Book Boutique.
 13365 | D:12     | Noticed a two-headed ogre
 13383 | D:12     | Killed a two-headed ogre
 13541 | D:12     | Noticed a boulder beetle
 13546 | D:12     | Killed a boulder beetle
 13547 | D:12     | Reached skill level 9 in Unarmed Combat
 13560 | D:12     | Noticed a two-headed ogre
 13569 | D:12     | Killed a two-headed ogre
 13576 | D:12     | Found a frozen archway.
 13585 | IceCv    | Entered an ice cave
 13650 | IceCv    | Noticed a death yak
 13651 | IceCv    | Noticed a death yak
 13677 | IceCv    | Slain by a death yak

Illustrated notes

Levels and vault maps discovered:
D:1:      lemuel_arrival_behind_the_door_large, layout_basic,
          ebering_ecumenical_altar_webs
D:2:      layout_loops_ring, cheibrodos_gnoll_hut
D:3:      layout_loops_cross, lemuel_round_altar
D:4:      layout_loops_corners, slow_altar_1, nemelex_diamond_rough_becter,
          eino_small_chamber_without_monster, minmay_manual_monstrance,
          uniq_eustachio
D:5:      cheibrodos_iron_armory, layout_cave_pools
D:6:      layout_gridville, tso_metal_star, mainiacjoe_overflow_alcove_1,
          nicolae_shop_self_help, uniq_blork_the_orc
D:7:      layout_cave_pools, mainiacjoe_overflow_paths,
          minmay_temple_entry_overgrown, serial_shops, nicolae_shop_behind_doors
D:8:      layout_basic, zin_treasury, mainiacjoe_overflow_alcove_4,
          marbit_many_paths, mainiacjoe_overflow_tiny_flanked, serial_aquarium,
          aquarium_bridge_straight [aquarium_subvault_bridge,
          aquarium_subvault_window, aquarium_subvault_bridge,
          aquarium_subvault_wall], aquarium_window_2,
          aquarium_window_corridor_3, aquarium_window_fake, aquarium_window_2,
          aquarium_view_2a, aquarium_view_2d, aquarium_balcony_5a,
          aquarium_pool_four, uniq_pikel
D:9:      layout_basic, kennysheep_orc_sif_temple, elyvilon_altar_3,
          serial_bayou_lagoon_a, minivault_13, uniq_maurice
D:10:     layout_loops_ring, eat_drink_and_be_merry_uskayaw,
          grunt_decor_resistance
D:11:     layout_basic, orc_0_dummy, uniq_nergalle
D:12:     layout_cave_pools, serial_shops, shop_statue,
          portal_ice_cave_entry_pillars_1, minmay_misc_feat_tower
Lair:1:   layout_layer_cave, grunt_forest_small_clearings,
          hellmonk_guarded_unrand_zhor
IceCv:    ice_cave_small_giant

Skill      XL: |  1  2  3  4  5  6  7  8  9 10 11 |
---------------+----------------------------------+-----
Long Blades    | 2 |  2.1
Dodging        | 2 3 |  3.3
Unarmed Combat | 1 2 3 4 6 7 8 9 |  9.2
Stealth        | 1 3 4 6 |  6.0
Shields        | 1 3 4 5 6 |  6.6
Translocations | 3 4 5 6 7 |  7.0
Invocations    | 1 4 |  4.0
Fighting       | 3 4 5 6 7 |  7.6
Evocations     | 3 5 7 |  7.5
Throwing       | |  0.8
Armour         | |  0.8
Spellcasting   | |  2.0

Action                   |  1- 3 |  4- 6 |  7- 9 | 10-12 || total
-------------------------+-------+-------+-------+-------++-------
Melee: Falchion          |    70 |       |       |       ||    70
       Unarmed           |    29 |   103 |   294 |   253 ||   679
       Punch             |       |     1 |    10 |    14 ||    25
Throw: Boomerang         |       |     5 |    15 |    20 ||    40
 Cast: Blink             |       |       |     3 |     9 ||    12
       Passwall          |       |       |       |     2 ||     2
Invok: Temporal Distorti |       |       |     1 |       ||     1
       Bend Time         |       |       |       |     2 ||     2
Evoke: Wand              |       |       |     5 |    39 ||    44
       Lightning rod     |       |       |       |     4 ||     4
  Use: Potion            |     1 |       |     4 |     1 ||     6
       Scroll            |       |     5 |     5 |    10 ||    20
 Stab: Paralysed         |       |       |     3 |       ||     3
       Distracted        |       |       |     1 |       ||     1
       Sleeping          |       |       |     1 |     4 ||     5
Armor: Ring mail         |    41 |    38 |    44 |       ||   123
       Leather armour    |     3 |       |       |       ||     3
       Robe              |       |       |    75 |    93 ||   168
Dodge: Dodged            |    73 |    41 |   157 |   136 ||   407

Table legend: (Time is in decaauts)
 A = Elapsed time spent in this place.
 B = Non-inter-level travel time spent in this place.
 C = Inter-level travel time spent in this place.
 D = Time resting spent in this place.
 E = Time spent auto-exploring this place.
 F = Levels seen in this place.
 G = Mean time per level.
                   A        B        C        D        E       F      G
               +--------+--------+--------+--------+--------+-----+--------+
         Total |  16386 |  15457 |    929 |    893 |  12377 |  14 | 1170.4 |
       Dungeon |  15919 |  15006 |    913 |    888 |  12024 |  12 | 1326.6 |
          Lair |    372 |    356 |     16 |      0 |    307 |   1 |  372.0 |
      Ice Cave |     94 |     94 |      0 |      5 |     45 |   1 |   94.0 |
               +--------+--------+--------+--------+--------+-----+--------+

Top non-repeatable levels by time:
     D:9: 2337 daAuts
    D:11: 1856 daAuts
    D:10: 1552 daAuts
     D:8: 1489 daAuts
     D:3: 1487 daAuts
     D:4: 1336 daAuts
     D:5: 1287 daAuts
     D:6: 1163 daAuts
     D:1: 1108 daAuts
     D:7: 1011 daAuts
     D:2: 966 daAuts
  Lair:1: 372 daAuts
    D:12: 322 daAuts
   IceCv: 94 daAuts
